Map: Ever Dream LE

Players

JimRising

  • Race: Zerg Zerg
  • League: Grandmaster
  • Spawn Location: 7:00

SpeCial - Winner!

  • Race: Terran Terran
  • Spawn Location: 1:00

Event: DreamHack SC2 Masters 2020 Summer Latin America

VOD

Have the link to the VOD?

Description

Time

  • Played on: June 26, 2020, 5 p.m.
  • Length: 8:01

All games in this series

Show
View Real Time Build Order
Export as new Build Order

JimRising Zerg 

Build Orders: Hatch First, Muta Ling Bane 

Get SALT Encoding   

  12  0:00  Drone  
  13  0:12  Overlord  
  13  0:18  Drone  
  14  0:31  Drone  
  14  0:32  Drone  
  16  0:48  Hatchery  
  15  0:52  Drone  
  15  0:55  Drone  
  17  0:58  Drone  
  17  1:04  Extractor  
  17  1:15  Spawning Pool  
  16  1:19  Drone  
  16  1:21  Drone  
  18  1:29  Drone  
  19  1:38  Drone  
  20  1:50  Overlord  
  20  2:02  Queen x2  
  20  2:04  Zergling x4  
  26  2:10  Metabolic Boost  
  26  2:14  Drone  
  27  2:17  Drone  
  27  2:21  Drone  
  29  2:23  Drone  
  30  2:34  Drone  
  30  2:36  Drone  
  32  2:38  Queen  
  32  2:43  Overlord  
  33  2:48  Queen  
  35  2:55  Overlord  
  35  3:03  Drone x2  
  37  3:08  Drone x2  
  37  3:10  Drone x3  
  37  3:12  Drone  
  43  3:13  Drone  
  43  3:17  Drone  
  46  3:20  Drone  
  46  3:35  Hatchery  
  46  3:36  Lair  
  46  3:41  Extractor x2  
  43  3:42  Zergling x4  
  43  3:43  Zergling x2  
  46  3:54  Drone, Overlord  
  48  3:55  Drone x2  
  48  3:56  Extractor  
  48  3:57  Drone  
  48  3:58  Baneling Nest  
  48  4:03  Drone x3  
  48  4:08  Overlord  
  51  4:11  Overlord  
  51  4:19  Overlord x2  
  51  4:31  Zergling x6  
  51  4:32  Zergling x6  
  51  4:33  Drone  
  51  4:35  Drone  
  59  4:44  Spire  
  59  4:45  Baneling x3  
  58  4:48  Drone  
  58  4:50  Drone  
  60  5:03  Drone x2  
  60  5:04  Overlord  
  60  5:05  Overlord  
  62  5:13  Drone x5  
  62  5:14  Drone x2  
  69  5:18  Spore Crawler  
  68  5:26  Overlord  
  68  5:28  Overlord  
  68  5:50  Overlord  
  68  5:55  Mutalisk  
  70  5:57  Mutalisk  
  70  5:58  Mutalisk x7, Extractor x2  
  70  6:00  Mutalisk  
  70  6:02  Drone x2  
  88  6:07  Drone x3  
  88  6:08  Drone  
  88  6:11  Drone  
  93  6:14  Centrifical Hooks  
  93  6:17  Zergling x6  
  96  6:36  Mutalisk x2  
  100  6:40  Overlord x2  
  100  6:42  Overlord x2  
  100  6:44  Zergling x6  
  100  6:45  Mutalisk, Zergling x2  
  98  6:48  Baneling x3  
  98  7:01  Mutalisk x2  
  98  7:03  Baneling  
  98  7:04  Baneling  
  102  7:10  Zergling x2  
  102  7:11  Zergling x6  
  106  7:21  Mutalisk, Zergling x8  
  106  7:22  Mutalisk  
  96  7:23  Zergling x8  
  96  7:25  Zergling x2  
Show
View Real Time Build Order
Export as new Build Order

SpeCial Terran - Winner!

Build Orders: Reaper Expand 

Get SALT Encoding   

  12  0:01  SCV  
  13  0:13  SCV  
  14  0:17  Supply Depot  
  14  0:25  SCV  
  15  0:39  SCV  
  15  0:41  Barracks  
  16  0:43  Refinery  
  16  0:51  SCV  
  17  1:03  SCV  
  18  1:15  SCV  
  19  1:29  Orbital Command, Reaper  
  20  1:39  Command Center  
  20  1:49  Supply Depot  
  20  1:55  SCV  
  20  2:01  Marine  
  21  2:05  Factory  
  22  2:09  SCV  
  23  2:15  Refinery  
  23  2:21  SCV  
  23  2:22  Barracks Reactor  
  24  2:33  SCV  
  25  2:45  SCV  
  26  2:51  Orbital Command  
  26  2:54  Starport  
  26  2:57  SCV  
  27  3:05  Hellion x2, Barracks Tech Lab  
  31  3:09  SCV  
  32  3:17  SCV  
  33  3:21  Supply Depot  
  33  3:23  SCV  
  33  3:26  Hellion x2  
  38  3:27  Stimpack  
  38  3:29  SCV  
  39  3:36  Viking  
  39  3:37  Marine  
  42  3:43  SCV  
  42  3:44  Supply Depot, SCV  
  44  3:55  Marine, SCV  
  45  3:56  SCV  
  47  4:08  SCV, Barracks  
  47  4:09  Starport Tech Lab  
  48  4:11  Supply Depot, Factory Tech Lab  
  48  4:12  Barracks  
  48  4:13  Marine  
  48  4:15  SCV  
  50  4:20  SCV  
  50  4:21  Engineering Bay  
  51  4:27  SCV  
  51  4:31  Marine  
  53  4:33  SCV  
  53  4:35  Supply Depot  
  53  4:36  Starport Reactor  
  54  4:38  Siege Tank  
  54  4:39  SCV  
  54  4:45  SCV  
  59  4:47  Refinery, Terran Infantry Weapons Level 1  
  59  4:51  SCV  
  60  4:52  Marine  
  60  4:57  SCV  
  60  4:58  Supply Depot  
  62  5:03  SCV  
  63  5:07  Refinery  
  63  5:08  Barracks Reactor  
  63  5:09  Combat Shield, Marine x2, SCV  
  63  5:14  Supply Depot, Medivac  
  66  5:15  SCV  
  66  5:20  Marine  
  70  5:23  Supply Depot  
  70  5:25  Medivac  
  70  5:27  Marine x2  
  74  5:36  SCV  
  74  5:38  Supply Depot, Marine  
  74  5:41  Siege Tank  
  79  5:44  Marine x2  
  79  5:45  Marine x2  
  83  5:55  Supply Depot  
  83  5:56  Marine  
  84  5:57  Missile Turret  
  84  5:58  Missile Turret  
  84  6:02  Marine x2  
  84  6:03  Marine x2  
  88  6:06  Medivac x2  
  92  6:14  Marine  
  93  6:20  Supply Depot, Marine x2  
  93  6:21  Marine x2  
  97  6:26  Supply Depot  
  97  6:31  Marine  
  97  6:32  Siege Tank  
  101  6:38  Marine x4  
  105  6:46  Medivac x2  
  109  6:49  Marine  
  110  6:55  Marine  
  110  6:56  Marine x3  
  112  7:07  Marine  
  113  7:12  Command Center  
  113  7:13  Marine x2  
  113  7:14  Marine x2  
  109  7:22  Siege Tank  
  109  7:24  Medivac x2  
  109  7:25  Marine  
  114  7:31  Marine x2  
  114  7:32  Marine  
  114  7:34  Marine  
  115  7:43  Marine  
Tags
 
Add a new tag
Caveats
  • Supply blocks, unpowered buildings, or Contaminate may cause inaccurate times.
  • Supply counts are checked every 10 seconds.